 Dungeon Crawl Stone Soup version 0.31-a0-167-g1c394c0614 (webtiles) character file.

Game seed: 2377290775644566035

94 Dittersdorf the Trooper (level 4, 0/29 HPs)
             Began as a Gargoyle Fighter on June 14, 2023.
             Slain by an ogre
             ... wielding a +0 giant club
              (11 damage)
             ... on level 3 of the Dungeon.
             The game lasted 00:02:44 (1532 turns).

Dittersdorf the Trooper (Gargoyle Fighter)          Turns: 1532, Time: 00:02:45

Health: 0/29       AC: 18    Str: 21    XL:     4   Next: 63%
Magic:  4/4        EV:  8    Int:  9    God:
Gold:   45         SH:  4    Dex:  9    Spells: 3/3 levels left

rFire   . . .        a - +0 flail
rCold   . . .        c - +0 buckler
rNeg    + . .        m - +0 chain mail
rPois   ∞            (no helmet)
rElec   +            (no cloak)
rCorr   .            h - +0 pair of gloves
SInv    .            (no boots)
Will    .....        (no amulet) Stlth
                     k - +4 ring of protection
HPRegen 0.24/turn    (no ring)
MPRegen 0.09/turn

%: no passive effects
@: no status effects
A: sickness immunity, AC +3, negative energy resistance 1, electricity
resistance, torment resistance 1, petrification resistance
a: no special abilities


You were on level 3 of the Dungeon.
You visited 1 branch of the dungeon, and saw 3 of its levels.

You collected 45 gold pieces.

Inventory:

Hand Weapons
 a - a +0 flail (weapon)
Armour
 c - a +0 buckler (worn)
 h - a +0 pair of gloves (worn)
 m - a +0 chain mail (worn)
Jewellery
 k - a +4 ring of protection (left hand)
Scrolls
 e - 3 scrolls of identify {unknown}
 f - a scroll of silence {unknown}
 i - a scroll of fog {unknown}
 l - a scroll of poison {unknown}
 n - 4 scrolls of noise {unknown}
 o - a scroll of fear {unknown}
 p - a scroll of enchant armour {unknown}
Potions
 b - a potion of resistance {unknown}
 d - 3 potions of might
 g - 2 potions of enlightenment {unknown}
 j - a potion of degeneration {unknown}


   Skills:
 + Level 4.1 Fighting
 + Level 2.9 Maces & Flails
 + Level 4.0 Armour
 + Level 4.0 Shields


You had 3 spell levels left.
You didn't know any spells.
Your spell library was empty.

Dungeon Overview and Level Annotations

Branches:
Dungeon (3/15)

Altars:
Cheibriados


Innate Abilities, Weirdness & Mutations

You are immune to sickness and miasma.
Your stone body is resilient. (AC +3)
You are immune to poison.
You resist negative energy. (rN+)
You are resistant to electric shocks. (rElec)
You are resistant to unholy torment.
You are immune to petrification.


Message History

You hit the ogre.
The ogre is lightly wounded.
The ogre hits you with a +0 giant club!!
Ouch! That really hurt!
You are too injured to fight recklessly!
You are too injured to fight recklessly!
You are too injured to fight recklessly!
You are too injured to fight recklessly!
You are too injured to fight recklessly!
You are too injured to fight recklessly!
You are too injured to fight recklessly!
You are too injured to fight recklessly!
You are too injured to fight recklessly!
You are too injured to fight recklessly!
You are too injured to fight recklessly!
You are too injured to fight recklessly!
You are too injured to fight recklessly!
You are too injured to fight recklessly!
You are too injured to fight recklessly!
You hit the ogre.
The ogre is moderately wounded.
The ogre hits you but does no damage.
You barely miss the ogre.
The ogre is moderately wounded.
You block the ogre's attack.
You hit the ogre.
The ogre is heavily wounded.
You barely miss the ogre.
The ogre is heavily wounded.
You block the ogre's attack.
You thump the ogre!
The ogre is severely wounded.
The ogre barely misses you.
You barely miss the ogre.
The ogre is severely wounded.
The ogre hits you but does no damage.
You closely miss the ogre.
The ogre is severely wounded.
The ogre hits you with a +0 giant club!
You die...

#.# ..# . #.# ..
#.# ?.. #.# ##..
#.# #....##.#
..⌠...>.######.##
.....#....O@....#
.~.. #.#..####..#
~≈~~. #.#..# #
≈≈~...#.#..####..#
~≈≈...#.#........#
.~~...#.##.#####.#
......#........#
#.....#.###.#
##...##.# #.#


You could see an ogre.

Vanquished Creatures
  3 adders
  2 worms (D:2)
  2 dart slugs (D:1)
  4 orcs (D:2)
  5 endoplasms
  3 giant cockroaches
  3 goblins
  2 hobgoblins
  4 jackals (D:2)
  5 kobolds
  4 quokkas
  5 ball pythons
  5 bats
  2 frilled lizards (D:1)
  2 rats (D:1)
51 creatures vanquished.

Notes
Turn   | Place    | Note
-------+----------+-------------------------------------------
     0 | D:1      | Dittersdorf the Gargoyle Fighter began the quest for the
                  | Orb.
     0 | D:1      | Reached XP level 1. HP: 14/14 MP: 1/1
    79 | D:1      | Reached XP level 2. HP: 6/19 MP: 2/2
   336 | D:1      | Reached XP level 3. HP: 23/23 MP: 3/3
   601 | D:2      | Found a faded altar of an unknown god.
   955 | D:2      | Reached XP level 4. HP: 24/29 MP: 4/4
  1129 | D:2      | Found a snail-covered altar of Cheibriados.
  1513 | D:3      | Noticed an ogre
  1532 | D:3      | Slain by an ogre

Illustrated notes

Levels and vault maps discovered:
D:1:      spicycebolla_arrival_clurvy, layout_rooms, nicolae_the_louvre
D:2:      layout_loops_ring, basic_altar, shapermc_ecumenical_altar_pompeii,
          wad_orctagon
D:3:      layout_basic, led_sif_pool, kiku_gazebo_pond_becter,
          cheibrodos_ashenzari_chains, serial_co_window_serial,
          co_window_of_opportunity_a, co_window_of_opportunity_a,
          co_window_paths_a, co_window_corner_a, co_window_of_opportunity_a,
          co_window_corner_ca, co_window_2corner, co_window_paths_c,
          co_window_sun

Skill      XL: |  1  2  3  4 |
---------------+-------------+-----
Fighting       | 4 |  4.1
Armour         | 4 |  4.0
Shields        | 4 |  4.0
Maces & Flails | |  2.9

Action                     |  1- 3 |  4- 6 || total
---------------------------+-------+-------++-------
  Melee: Flail             |   126 |    76 ||   202
 Armour: Scale mail        |    61 |       ||    61
         Chain mail        |    28 |    52 ||    80
  Dodge: Dodged            |    56 |    21 ||    77
  Block: Buckler           |    27 |    15 ||    42

Table legend: (Time is in decaauts)
 A = Elapsed time spent in this place.
 B = Non-inter-level travel time spent in this place.
 C = Inter-level travel time spent in this place.
 D = Time resting spent in this place.
 E = Time spent auto-exploring this place.
 F = Levels seen in this place.
 G = Mean time per level.
                   A        B        C        D        E       F      G
               +--------+--------+--------+--------+--------+-----+--------+
         Total |   1592 |   1530 |     62 |     35 |   1032 |   3 |  530.7 |
       Dungeon |   1592 |   1530 |     62 |     35 |   1032 |   3 |  530.7 |
               +--------+--------+--------+--------+--------+-----+--------+

Top non-repeatable levels by time:
     D:2: 746 daAuts
     D:1: 595 daAuts
     D:3: 250 daAuts
